 Dungeon Crawl Stone Soup version 0.23.0-3-gf3c87f2 (webtiles) character file.

Game seed: 6581227905438470429

263 Borgoz the Sneak (level 6, -3/48 (50) HPs)
             Began as a Ghoul Enchanter on Feb 24, 2019.
             Slain by an ogre
             ... wielding a +0 giant club
              (18 damage)
             ... on level 5 of the Dungeon.
             The game lasted 00:14:29 (4389 turns).

Borgoz the Sneak (Ghoul Enchanter)                  Turns: 4389, Time: 00:14:30

HP:   -3/48 (50)    AC:  3    Str:  7 (12) XL:     6   Next: 19%
MP:   0/7           EV: 11    Int:  7 (10) God:
Gold: 158           SH:  0    Dex:  3 (11) Spells: 5/8 levels left

rFire    + . .     SeeInvis .   a - +1 dagger
rCold    + + .     Gourm    .   (no shield)
rNeg     + + +     Faith    .   c - +0 leather armour
rPois    ∞         Spirit   .   (no helmet)
rElec    .         Reflect  .   i - scarf {rC+ rF+}
rCorr    .         Harm     .   (no gloves)
MR       .....                  (no boots)
Stlth    ++........             h - amulet of inaccuracy (curse)
HPRegen  0.00/turn              (no ring)
MPRegen  0.10/turn              (no ring)

@: very slightly contaminated, rotting
A: rotting body, claws 1, carnivore, cold resistance 1, negative energy
resistance 3, inhibited regeneration, torment resistance, unbreathing
a: no special abilities


You were on level 5 of the Dungeon.
You were very hungry.

You visited 1 branch of the dungeon, and saw 6 of its levels.
You also visited: Sewer.

You collected 158 gold pieces.

Inventory:

Hand Weapons
 a - a +1 dagger (weapon)
Missiles
 b - 6 needles of confusion
 g - 19 poisoned needles
Armour
 c - a +0 leather armour (worn)
 i - a scarf of resistance (worn)
 m - a +1 robe of magic resistance
Jewellery
 h - a cursed amulet of inaccuracy (around neck)
Scrolls
 e - 2 scrolls of identify
 f - 2 scrolls of magic mapping
 k - 3 scrolls of fear
 l - a scroll of fog
Comestibles
 d - 8 rations


   Skills:
 + Level 2.4 Fighting
 * Level 3.3 Short Blades
 + Level 2.8 Dodging
 + Level 4.3 Stealth
 + Level 1.7 Spellcasting
 + Level 2.8 Hexes
 - Level 0.1 Ice Magic


You had 5 spell levels left.
You knew the following spells:

 Your Spells              Type           Power        Failure   Level  Hunger
a - Confusing Touch       Hex            #.....       19%         1    ##.....
b - Ensorcelled Hibernat  Hex/Ice        #.....       43%         2    ###....

Your spell library contained the following spells:

 Spells                   Type           Power        Failure   Level  Hunger
 Corona                   Hex            #......      19%         1    ##.....
 Confuse                  Hex            #.......     50%         3    ####...
 Tukima's Dance           Hex            #.......     50%         3    ####...
 Dazzling Spray           Conj/Hex       #.....       69%         3    ####...
 Gell's Gravitas          Tloc           #.........   87%         3    ####...
 Petrify                  Tmut/Erth      #.......     99%         4    #####..
 Metabolic Englaciation   Hex/Ice        #.........   100%        5    ######.
 Yara's Violent Unravell  Hex/Tmut       #.........   100%        5    ######.


Dungeon Overview and Level Annotations

Branches:
Dungeon (6/15)
 Temple: D:4-7

Altars:
Qazlal

Annotations:
D:3 Grinder


Innate Abilities, Weirdness & Mutations

Your body is rotting away.
You thrive on raw meat.
You are immune to poison.
You have sharp fingernails.
You are carnivorous and can eat meat at any time.
Your flesh is cold resistant. (rC+)
You are immune to negative energy. (rN+++)
You do not regenerate when monsters are visible.
You are immune to unholy pain and torment.
You can survive without breathing.


Message History

Aim: an ogre, wielding a +0 giant club (chance to defeat MR: 34%)
The ogre easily resists.
The ogre barely misses you. The ogre barely misses you.
You aren't carrying any potions.
You see here a mace.
Casting: Ensorcelled Hibernation (safe; 43% risk of failure)
Confirm with . or Enter, or press ? or * to list all spells.
Aiming: Ensorcelled Hibernation (safe; 43% risk of failure)
Press: ? - help, Shift-Dir - straight line, f/p - ogre
Aim: an ogre, wielding a +0 giant club (chance to defeat MR: 34%)
The ogre easily resists.
You hit the ogre.
The ogre is lightly wounded.
The ogre misses you.
You hit the ogre.
The ogre is lightly wounded.
The ogre hits you with a +0 giant club!!
Ouch! That really hurt!
The ogre hits you with a +0 giant club!!
You die...

............# #............
##...........#
#............#
##...>........#
##.............#
#.............#
#@..[.......#
#.O.........## ....
##....).......# ....
#..(..........# #...#
#..........#..# #...##
#..........#..#
###....####........##..#
###.......####.......###.##
##..........# ##.....##
#..#


You could see an ogre.

Vanquished Creatures
  Purgy (Sewer)
  An orc wizard (D:3)
  6 adders
  An ooze (D:1)
  2 worms
  3 dart slugs
  A leopard gecko (D:1)
  4 orcs
  7 bats
  5 giant cockroaches
  6 goblins
  6 hobgoblins
  8 jackals (D:2)
  6 frilled lizards
  7 kobolds
  8 rats
72 creatures vanquished.

Notes
Turn   | Place    | Note
-------+----------+-------------------------------------------
     0 | D:1      | Borgoz the Ghoul Enchanter began the quest for the Orb.
     0 | D:1      | Reached XP level 1. HP: 14/14 MP: 2/2
   120 | D:1      | Reached skill level 1 in Short Blades
   178 | D:1      | Reached XP level 2. HP: 18/22 MP: 3/3
   185 | D:1      | Learned a level 2 spell: Ensorcelled Hibernation
   798 | D:1      | Reached XP level 3. HP: 14/27 MP: 4/4
   983 | D:2      | Reached skill level 1 in Fighting
  1340 | D:2      | Found a stormy altar of Qazlal.
  2160 | D:2      | Reached XP level 4. HP: 27/35 MP: 5/5
  2383 | D:3      | Noticed Grinder
  2416 | D:3      | Found a glowing drain.
  2522 | Sewer    | Entered a sewer
  2584 | Sewer    | Noticed Purgy
  2596 | Sewer    | Killed Purgy
  2596 | Sewer    | Reached skill level 4 in Stealth
  2596 | Sewer    | Reached XP level 5. HP: 25/41 MP: 3/6
  2960 | D:3      | Reached XP level 6. HP: 32/48 MP: 7/7
  4009 | D:5      | Entered Level 5 of the Dungeon
  4115 | D:5      | Learned a level 1 spell: Confusing Touch
  4389 | D:5      | Slain by an ogre

Skill      XL: |  1  2  3  4 |
---------------+-------------+-----
Short Blades   | 1 3 |  3.3
Dodging        | 2 |  2.8
Fighting       | 1 2 |  2.4
Stealth        | 4 |  4.3
Spellcasting   | |  1.7
Hexes          | |  2.8
Ice Magic      | |  0.1

Action                   |  1- 3 |  4- 6 || total
-------------------------+-------+-------++-------
Melee: Dagger            |   195 |   274 ||   469
 Cast: Ensorcelled Hiber |     6 |    24 ||    30
  Use: Potion            |     2 |     7 ||     9
       Scroll            |       |    10 ||    10
 Stab: Sleeping          |     6 |    14 ||    20
       Invisible         |       |     1 ||     1
       Distracted        |       |     1 ||     1
  Eat: Chunk             |    19 |    31 ||    50
Armor: Robe              |    31 |    57 ||    88
Dodge: Dodged            |   139 |   205 ||   344
